 Dungeon Crawl Stone Soup version 0.30.1-11-g7821555f0a (webtiles) character file.

Game seed: 5360180534002306991

133 KittyFluff the Cudgeller (level 5, -2/33 HPs)
             Began as a Gargoyle Berserker on Nov 24, 2023.
             Was a Believer of Trog.
             Slain by an orc
             ... wielding a +0 flail of protection
              (5 damage)
             ... on level 4 of the Dungeon.
             The game lasted 00:09:22 (2261 turns).

KittyFluff the Cudgeller (Gargoyle Berserker)       Turns: 2261, Time: 00:09:24

Health: -2/33      AC:  8    Str: 22    XL:     5   Next: 16%
Magic:  5/5        EV: 10    Int:  8    God:    Trog [**....]
Gold:   155        SH:  6    Dex:  9    Spells: 4/4 levels left

rFire   + . .        a - +0 mace
rCold   . . .        h - +0 kite shield
rNeg    + . .        b - +0 animal skin
rPois   ∞            m - +0 helmet
rElec   +            (no cloak)
rCorr   .            (no gloves)
SInv    .            g - +0 pair of boots
Will    .....        (no amulet)
Stlth   ++           c - ring of protection from fire
HPRegen 0.25/turn    (no ring)
MPRegen 0.09/turn

%: no passive effects
@: no status effects
A: sickness immunity, AC +4, negative energy resistance 1, electricity
resistance, torment resistance 1, petrification resistance
a: Renounce Religion, Berserk, Trog's Hand


You were on level 4 of the Dungeon.
You worshipped Trog.
Trog was pleased with you.
You visited 1 branch of the dungeon, and saw 4 of its levels.

You collected 155 gold pieces.

Inventory:

Hand Weapons
 a - a +0 mace (weapon)
Missiles
 e - 7 poisoned darts (quivered)
Armour
 b - a +0 animal skin (worn)
 g - a +0 pair of boots (worn)
 h - a +0 kite shield (worn)
 m - a +0 helmet (worn)
Jewellery
 c - a ring of protection from fire (left hand)
Scrolls
 d - 2 scrolls of immolation {unknown}
 f - 2 scrolls of identify {unknown}
 i - a scroll of enchant weapon {unknown}
 j - a scroll of acquirement {unknown}
 l - a scroll of teleportation {unknown}
Potions
 k - a potion of brilliance {unknown}


   Skills:
 + Level 3.9 Fighting
 * Level 3.9 Maces & Flails
 * Level 3.4 Armour
 + Level 2.0 Dodging
 + Level 1.7 Stealth
 + Level 0.6 Shields


You had 4 spell levels left.
You didn't know any spells.
Your spell library was empty.

Dungeon Overview and Level Annotations

Branches:
Dungeon (4/15)
 Temple: D:4-7

Altars:
Ashenzari
Dithmenos
Hepliaklqana


Innate Abilities, Weirdness & Mutations

You are immune to sickness and miasma.
Your stone body is resilient. (AC +4)
You are immune to poison.
You resist negative energy. (rN+)
You are resistant to electric shocks. (rElec)
You are resistant to unholy torment.
You are immune to petrification.


Message History

Found 13 gold pieces. 2 orcs come into view.
An orc priest comes into view. It is wielding a +0 hand axe.
An orc comes into view.
It is wielding a +0 flail of holy wrath.
Found 6 gold pieces. 2 orcs come into view.
An orc is wielding a +0 flail of protection.
The orc shouts!
The orc priest shouts!
You hear a shout!
Found a glowing brown potion.
The orc shouts!
You hit the orc.
The orc is heavily wounded.
The orc hits you with a +0 flail.
You hit the orc.
You kill the orc!
Trog accepts your kill. The orc closely misses you.
You hit the orc.
The orc is lightly wounded.
The orc barely misses you.
You hit the orc but do no damage.
The orc is lightly wounded.
The orc barely misses you.
You sock the orc!
You kill the orc!
Trog accepts your kill.
The orc hits you with a +0 flail of protection.
You closely miss the orc. You block the orc's attack.
You hit the orc.
The orc is almost dead.
The orc priest invokes the aid of Beogh against you.
Beogh smites you! You block the orc's attack.
You hit the orc but do no damage.
The orc is almost dead.
The orc priest mumbles some strange prayers to Beogh against you.
Beogh smites you!
* * * LOW HITPOINT WARNING * * *
You block the orc's attack.
The orc hits you with a +0 flail of protection.
You die...

.#........###..#
....~...~.o##..#
#..........$#..#
........o.⌠#..#
!..o...o..$#.##
#..~o..~..##.#
#..o.....###.#
#o#########..#
#oo@........##
#############


You could see an orc priest and 2 orcs.

Vanquished Creatures
  A hound skeleton (D:3)
  3 gnolls (D:2)
  2 adders
  An adder skeleton (D:3)
  2 worms (D:2)
  2 dart slugs
  3 orcs
  5 endoplasms
  A giant cockroach (D:1)
  4 hobgoblins
  8 jackals
  3 kobolds
  2 quokkas (D:1)
  A ball python (D:2)
  A ball python zombie (D:3)
  8 bats
  3 frilled lizards
  A giant cockroach zombie (D:3)
  2 goblins
  A quokka skeleton (D:3)
  A quokka zombie (D:3)
  6 rats
61 creatures vanquished.

Notes
Turn   | Place    | Note
-------+----------+-------------------------------------------
     0 | D:1      | KittyFluff the Gargoyle Berserker began the quest for the
                  | Orb.
     0 | D:1      | Reached XP level 1. HP: 14/14 MP: 1/1
   183 | D:1      | Reached XP level 2. HP: 17/19 MP: 2/2
   509 | D:1      | You fall into a shaft and drop 1 floor!
   535 | D:2      | Reached skill level 1 in Stealth
   535 | D:2      | Reached XP level 3. HP: 19/23 MP: 3/3
   758 | D:2      | Reached ** piety under Trog
   817 | D:2      | Reached XP level 4. HP: 24/29 MP: 4/4
  1537 | D:3      | Found a broken altar of Ashenzari.
  1565 | D:3      | Found a shadowy altar of Dithmenos.
  1953 | D:3      | Reached XP level 5. HP: 33/33 MP: 5/5
  1983 | D:3      | Found a hazy altar of Hepliaklqana.
  2261 | D:4      | Slain by an orc

Illustrated notes

Levels and vault maps discovered:
D:1:      minmay_arrival_open_corners, layout_basic, minmay_pentomino_t2
D:2:      layout_basic, roderic_st_hans_cross, minmay_liquid_box,
          minmay_misc_feat_more_columns, grunt_ministairs_10
D:3:      layout_loops_corners, mainiacjoe_overflow_surrounded_room,
          lemuel_crystal_altar, general_overflow_altar, serial_undead,
          serial_undead_c, serial_undead_e, serial_undead_c, serial_undead_f
D:4:      cheibrodos_pilgrimage, layout_basic, kiku_gazebo_pond_becter,
          nicolae_ru_path_of_blood, minmay_temple_entry_statues_fountains,
          chequers_serial_rivers_small_a, kennysheep_generic_room_8,
          uniq_menkaure

Skill      XL: |  1  2  3  4 |
---------------+-------------+-----
Stealth        | 1 |  1.7
Armour         | 3 |  3.4
Dodging        | 2 |  2.0
Fighting       | |  3.9
Maces & Flails | |  3.9
Shields        | |  0.6

Action                     |  1- 3 |  4- 6 || total
---------------------------+-------+-------++-------
  Melee: Mace              |    72 |   105 ||   177
   Stab: Sleeping          |       |     1 ||     1
 Armour: Animal skin       |    28 |    43 ||    71
  Dodge: Dodged            |    66 |    37 ||   103
  Block: Kite shield       |       |    31 ||    31
